| TOP OF THE 1ST |
|
Boston Red Sox batting - Pitching for New York Mets : RHP Matt Laverty
|
|
Pitching: RHP Matt Laverty
|
|
|
Batting: RHB Alois Wollf
|
0-0: Called Strike 0-1: Called Strike 0-2: Ball 1-2: Ball 2-2: Foul Ball, location: 2F 2-2: Strikes out swinging
|
|
Batting: RHB Cesar Breceda
|
0-0: Ball 1-0: Ball 2-0: Called Strike 2-1: Foul Ball, location: 2F 2-2: Strikes out swinging
|
|
Batting: LHB Kevin McCormic Jr.
|
0-0: Called Strike 0-1: Called Strike 0-2: Ball 1-2: Foul Ball, location: 2F 1-2: Ground out 6-3 (Groundball, 6, EV 100.6 MPH)
|
| Top of the 1st over - 0 runs, 0 hits, 0 errors, 0 left on base; Boston 0 - New York 0 |
| BOTTOM OF THE 1ST |
|
New York Mets batting - Pitching for Boston Red Sox : RHP Justin Whitesack
|
|
Pitching: RHP Justin Whitesack
|
|
|
Batting: SHB Nelle van den Berg
|
0-0: Foul Ball, location: 2F 0-1: Ground out 5-3 (Groundball, 5, EV 98.8 MPH)
|
|
Batting: LHB Kevin Bellman
|
0-0: Called Strike 0-1: Swinging Strike 0-2: Ball 1-2: Strikes out swinging
|
|
Batting: SHB Sean Cook
|
0-0: Ball 1-0: Called Strike 1-1: Foul Ball, location: 2F 1-2: Foul Ball, location: 2F 1-2: Foul Ball, location: 2F 1-2: Ground out U3 (Groundball, 3, EV 80.6 MPH)
|
| Bottom of the 1st over - 0 runs, 0 hits, 0 errors, 0 left on base; Boston 0 - New York 0 |
| TOP OF THE 2ND |
|
Boston Red Sox batting - Pitching for New York Mets : RHP Matt Laverty
|
|
Batting: RHB David Price Jr.
|
0-0: Called Strike 0-1: Ball 1-1: Foul Ball, location: 2F 1-2: Ground out 3-1 (Groundball, 34, EV 101.9 MPH)
|
|
Batting: LHB Jarrett Mordecai
|
0-0: Foul Ball, location: 2F 0-1: Called Strike 0-2: Strikes out looking
|
|
Batting: SHB Greg Shaw
|
0-0: Ground out U3 (Groundball, 3, EV 86.2 MPH)
|
| Top of the 2nd over - 0 runs, 0 hits, 0 errors, 0 left on base; Boston 0 - New York 0 |
| BOTTOM OF THE 2ND |
|
New York Mets batting - Pitching for Boston Red Sox : RHP Justin Whitesack
|
|
Batting: RHB Jeff Jank
|
0-0: Ball 1-0: Ball 2-0: Ball 3-0: Called Strike 3-1: Base on Balls
|
|
Batting: SHB Roberto Magne
|
0-0: Called Strike Jeff Jank steals 2nd base (no throw) 0-1: Foul Ball, location: 2F 0-2: Strikes out swinging
|
|
Batting: RHB Drtian Thaqi
|
0-0: Ball 1-0: Called Strike 1-1: Called Strike 1-2: Ball 2-2: Ball 3-2: Foul Ball, location: 2F 3-2: Foul Ball, location: 2F 3-2: Base on Balls
|
|
Batting: SHB Javy Rosa
|
0-0: Called Strike 0-1: Ball 1-1: Ball 2-1: Ball 3-1: Base on Balls Jeff Jank to third Drtian Thaqi to second
|
|
Batting: LHB Fabiano Perrolas
|
0-0: Ball 1-0: Ball 2-0: SINGLE (Groundball, 4M, EV 96.9 MPH) (infield hit) Jeff Jank scores Drtian Thaqi to third Javy Rosa to second
|
|
Batting: RHB Antonio Aranda
|
0-0: Foul Ball, location: 2F 0-1: Foul Ball, location: 2F 0-2: Foul Ball, location: 2F 0-2: Ball 1-2: Ball 2-2: Foul Ball, location: 2F 2-2: Foul Ball, location: 2F 2-2: Ball 3-2: Strikes out swinging
|
|
Batting: SHB Nelle van den Berg
|
0-0: Called Strike 0-1: Ball 1-1: Ball 2-1: Ball 3-1: Base on Balls Drtian Thaqi scores Javy Rosa to third Fabiano Perrolas to second
|
|
Batting: LHB Kevin Bellman
|
0-0: Called Strike 0-1: Foul Ball, location: 2F 0-2: Ball 1-2: Ball 2-2: Ball 3-2: Foul Ball, location: 2F 3-2: Foul Ball, location: 2F 3-2: Foul Ball, location: 2F 3-2: Strikes out looking
|
| Bottom of the 2nd over - 2 runs, 1 hit, 0 errors, 3 left on base; Boston 0 - New York 2 |
| TOP OF THE 3RD |
|
Boston Red Sox batting - Pitching for New York Mets : RHP Matt Laverty
|
|
Batting: LHB Zack Guillen
|
0-0: Ball 1-0: Swinging Strike 1-1: Ball 2-1: Foul Ball, location: 2F 2-2: Strikes out looking
|
|
Batting: RHB Nick Esteves
|
0-0: Ground out 6-3 (Groundball, 6MD, EV 90.6 MPH)
|
|
Batting: LHB Tim Fuller
|
0-0: Ground out 5-3 (Groundball, 5, EV 87.5 MPH)
|
| Top of the 3rd over - 0 runs, 0 hits, 0 errors, 0 left on base; Boston 0 - New York 2 |
| BOTTOM OF THE 3RD |
|
New York Mets batting - Pitching for Boston Red Sox : RHP Justin Whitesack
|
|
Batting: SHB Sean Cook
|
0-0: Ball 1-0: Fly out, F7 (Flyball, 7S, EV 86.2 MPH)
|
|
Batting: RHB Jeff Jank
|
0-0: SOLO HOME RUN (Flyball, 78XD, EV 103.8 MPH), Distance : 406 ft
|
|
Batting: SHB Roberto Magne
|
0-0: Foul Ball, location: 2F 0-1: Ball 1-1: Fly out, F6 (Line Drive, 6, EV 65.6 MPH)
|
|
Batting: RHB Drtian Thaqi
|
0-0: Ball 1-0: Foul Ball, location: 2F 1-1: Foul Ball, location: 2F 1-2: Strikes out swinging
|
| Bottom of the 3rd over - 1 run, 1 hit, 0 errors, 0 left on base; Boston 0 - New York 3 |
| TOP OF THE 4TH |
|
Boston Red Sox batting - Pitching for New York Mets : RHP Matt Laverty
|
|
Batting: RHB Alois Wollf
|
0-0: Ball 1-0: Swinging Strike 1-1: Swinging Strike 1-2: Strikes out swinging
|
|
Batting: RHB Cesar Breceda
|
0-0: Ball 1-0: Called Strike 1-1: Ground out 3-1 (Groundball, 34, EV 83.8 MPH)
|
|
Batting: LHB Kevin McCormic Jr.
|
0-0: Ball 1-0: Swinging Strike 1-1: Ball 2-1: Ball 3-1: Called Strike 3-2: Strikes out swinging
|
| Top of the 4th over - 0 runs, 0 hits, 0 errors, 0 left on base; Boston 0 - New York 3 |
| BOTTOM OF THE 4TH |
|
New York Mets batting - Pitching for Boston Red Sox : RHP Justin Whitesack
|
|
Batting: SHB Javy Rosa
|
0-0: Ground out 5-3 (Groundball, 56, EV 103.1 MPH)
|
|
Batting: LHB Fabiano Perrolas
|
0-0: Foul Ball, location: 2F 0-1: Ground out 1-3 (Groundball, 13, EV 68.8 MPH)
|
|
Batting: RHB Antonio Aranda
|
0-0: Ball 1-0: Ball 2-0: Foul Ball, location: 2F 2-1: Foul Ball, location: 2F 2-2: Fly out, F3 (Popup, 34, EV 65.0 MPH)
|
| Bottom of the 4th over - 0 runs, 0 hits, 0 errors, 0 left on base; Boston 0 - New York 3 |
| TOP OF THE 5TH |
|
Boston Red Sox batting - Pitching for New York Mets : RHP Matt Laverty
|
|
Batting: RHB David Price Jr.
|
0-0: Ball 1-0: SINGLE (Groundball, 4M, EV 109.4 MPH) (infield hit)
|
|
Batting: LHB Jarrett Mordecai
|
0-0: Ball 1-0: Ball 2-0: Ball 3-0: Base on Balls David Price Jr. to second
|
|
Batting: SHB Greg Shaw
|
0-0: Swinging Strike 0-1: Foul Ball, location: 2F 0-2: Foul Ball, location: 2F 0-2: Ball 1-2: Ball 2-2: Foul Ball, location: 2F 2-2: Foul Ball, location: 2F 2-2: Ball 3-2: Strikes out looking
|
|
Batting: LHB Zack Guillen
|
0-0: Ball 1-0: Foul Ball, location: 2F 1-1: Foul Ball, location: 2F 1-2: Foul Ball, location: 2F 1-2: DOUBLE (Flyball, 89XD, EV 106.9 MPH) David Price Jr. scores Jarrett Mordecai to third
|
|
Batting: RHB Nick Esteves
|
0-0: Ball 1-0: Ball 2-0: Ball 3-0: Called Strike 3-1: 3-RUN HOME RUN (Line Drive, 7LD, EV 93.1 MPH), Distance : 346 ft
|
|
Batting: LHB Tim Fuller
|
0-0: Swinging Strike 0-1: Ball 1-1: Swinging Strike 1-2: Ball 2-2: Strikes out swinging
|
|
Batting: RHB Alois Wollf
|
0-0: Called Strike 0-1: SINGLE (Groundball, 56D, EV 105.0 MPH)
|
|
Batting: RHB Cesar Breceda
|
0-0: Called Strike 0-1: Ball Alois Wollf is caught stealing 2nd base 2-4
|
| Top of the 5th over - 4 runs, 4 hits, 0 errors, 0 left on base; Boston 4 - New York 3 |
| BOTTOM OF THE 5TH |
|
New York Mets batting - Pitching for Boston Red Sox : RHP Justin Whitesack
|
|
Batting: SHB Nelle van den Berg
|
0-0: Ball 1-0: Ball 2-0: Fly out, F1 (Line Drive, P, EV 66.2 MPH)
|
|
Batting: LHB Kevin Bellman
|
0-0: Fly out, F9 (Flyball, 9S, EV 81.2 MPH)
|
|
Batting: SHB Sean Cook
|
0-0: Ball 1-0: Ball 2-0: Ball 3-0: Called Strike 3-1: DOUBLE (Flyball, 89D, EV 87.5 MPH)
|
|
Batting: RHB Jeff Jank
|
0-0: Foul Ball, location: 2F 0-1: Foul Ball, location: 2F 0-2: Ground out 4-3 (Groundball, 4, EV 86.2 MPH)
|
| Bottom of the 5th over - 0 runs, 1 hit, 0 errors, 1 left on base; Boston 4 - New York 3 |
| TOP OF THE 6TH |
|
Boston Red Sox batting - Pitching for New York Mets : RHP Matt Laverty
|
|
Batting: RHB Cesar Breceda
|
0-0: Ball 1-0: Called Strike 1-1: Foul Ball, location: 2F 1-2: Ball 2-2: Strikes out swinging
|
|
Batting: LHB Kevin McCormic Jr.
|
0-0: Called Strike 0-1: Ball 1-1: Called Strike 1-2: Ground out 3-1 (Groundball, 34, EV 103.1 MPH)
|
|
Batting: RHB David Price Jr.
|
0-0: Ball 1-0: Swinging Strike 1-1: Ball 2-1: Foul Ball, location: 2F 2-2: SINGLE (Flyball, 5D, EV 94.4 MPH)
|
|
Batting: LHB Jarrett Mordecai
|
0-0: Ball 1-0: Swinging Strike 1-1: Fly out, F5 (Popup, 5, EV 56.2 MPH)
|
| Top of the 6th over - 0 runs, 1 hit, 0 errors, 1 left on base; Boston 4 - New York 3 |
| BOTTOM OF THE 6TH |
|
New York Mets batting - Pitching for Boston Red Sox : RHP Justin Whitesack
|
|
Batting: SHB Roberto Magne
|
0-0: Ball 1-0: Ball 2-0: Swinging Strike 2-1: Called Strike 2-2: Fly out, F8 (Flyball, 8RXD, EV 85.6 MPH)
|
|
Pitching: LHP Danny Schneible
|
|
|
Batting: RHB Drtian Thaqi
|
0-0: Called Strike 0-1: Ball 1-1: Ball 2-1: Foul Ball, location: 2F 2-2: Strikes out swinging
|
|
Batting: SHB Javy Rosa
|
0-0: Ball 1-0: Called Strike 1-1: SINGLE (Line Drive, 4D, EV 96.9 MPH)
|
|
Batting: LHB Fabiano Perrolas
|
0-0: Swinging Strike 0-1: Ball 1-1: Ball 2-1: Ball 3-1: Foul Ball, location: 2F Pickoff Throw to First - Error! E1 Javy Rosa to second 3-2: Foul Ball, location: 2F 3-2: Fly out, F7 (Flyball, 78M, EV 82.5 MPH)
|
| Bottom of the 6th over - 0 runs, 1 hit, 1 error, 1 left on base; Boston 4 - New York 3 |
| TOP OF THE 7TH |
|
Boston Red Sox batting - Pitching for New York Mets : RHP Matt Laverty
|
|
Pitching: RHP Robbie Beerbower
|
|
|
Batting: SHB Greg Shaw
|
0-0: Ball 1-0: TRIPLE (Flyball, 9LD, EV 88.1 MPH)
|
|
Batting: LHB Zack Guillen
|
0-0: Foul Ball, location: 2F 0-1: Ground out U3 (Groundball, 34S, EV 65.0 MPH)
|
|
Batting: RHB Nick Esteves
|
0-0: Ball 1-0: DOUBLE (Line Drive, 3D, EV 104.4 MPH) Greg Shaw scores
|
|
Batting: LHB Tim Fuller
|
0-0: Ground out 5-3 (Groundball, 5, EV 85.6 MPH)
|
|
Batting: RHB Alois Wollf
|
0-0: Ball 1-0: Ball 2-0: Ball 3-0: SINGLE (Groundball, 34D, EV 95.0 MPH) Nick Esteves to third Runner from 3rd tries for Home, SAFE, throw by RF to home Alois Wollf to second
|
|
Batting: RHB Cesar Breceda
|
0-0: Foul Ball, location: 2F 0-1: Ball 1-1: Fly out, F7 (Flyball, 78M, EV 90.0 MPH)
|
| Top of the 7th over - 2 runs, 3 hits, 0 errors, 1 left on base; Boston 6 - New York 3 |
| BOTTOM OF THE 7TH |
|
New York Mets batting - Pitching for Boston Red Sox : LHP Danny Schneible
|
|
Pitching: RHP Jon Mercado
|
|
|
Batting: RHB Antonio Aranda
|
0-0: Ball 1-0: Ball 2-0: Swinging Strike 2-1: Foul Ball, location: 2F 2-2: Strikes out swinging
|
|
Batting: SHB Nelle van den Berg
|
0-0: Ball 1-0: Ball 2-0: Called Strike 2-1: Ball 3-1: Foul Ball, location: 2F 3-2: Strikes out swinging
|
|
Batting: LHB Kevin Bellman
|
0-0: Called Strike 0-1: Ground out 5-3 (Groundball, 6, EV 107.5 MPH)
|
| Bottom of the 7th over - 0 runs, 0 hits, 0 errors, 0 left on base; Boston 6 - New York 3 |
| TOP OF THE 8TH |
|
Boston Red Sox batting - Pitching for New York Mets : RHP Robbie Beerbower
|
|
Batting: LHB Kevin McCormic Jr.
|
0-0: Ball 1-0: Fly out, F8 (Flyball, 8LM, EV 80.0 MPH)
|
|
Batting: RHB David Price Jr.
|
0-0: Ball 1-0: Hit by Pitch
|
|
Batting: LHB Jarrett Mordecai
|
0-0: Ball 1-0: DOUBLE (Flyball, 8LXD, EV 106.9 MPH) David Price Jr. to third
|
|
Batting: SHB Greg Shaw
|
0-0: Swinging Strike 0-1: Ball 1-1: Foul Ball, location: 2F 1-2: Foul Ball, location: 2F 1-2: Ball 2-2: Fly out, F4 (Line Drive, 4MD, EV 74.4 MPH)
|
|
Batting: LHB Zack Guillen
|
0-0: Ball 1-0: Swinging Strike 1-1: 3-RUN HOME RUN (Flyball, 9D, EV 97.5 MPH), Distance : 387 ft
|
|
Pitching: RHP Billy McIntyre
|
|
|
Batting: RHB Nick Esteves
|
0-0: Ball 1-0: Ball 2-0: Called Strike 2-1: SINGLE (Groundball, 34D, EV 100.0 MPH)
|
|
Batting: LHB Tim Fuller
|
0-0: Ball 1-0: Ball 2-0: Swinging Strike 2-1: Foul Ball, location: 2F 2-2: Foul Ball, location: 2F 2-2: Fielders Choice at 2nd, 5-4 (Groundball, 5, EV 85.0 MPH)
|
| Top of the 8th over - 3 runs, 3 hits, 0 errors, 1 left on base; Boston 9 - New York 3 |
| BOTTOM OF THE 8TH |
|
New York Mets batting - Pitching for Boston Red Sox : RHP Jon Mercado
|
|
Batting: SHB Sean Cook
|
0-0: Ball 1-0: Swinging Strike 1-1: Ball 2-1: Ball 3-1: Swinging Strike 3-2: Strikes out swinging
|
|
Batting: RHB Jeff Jank
|
0-0: Swinging Strike 0-1: Ball 1-1: Ball 2-1: Swinging Strike 2-2: Ground out 5-3 (Groundball, 5S, EV 67.5 MPH)
|
|
Batting: SHB Roberto Magne
|
0-0: Swinging Strike 0-1: Ground out 4-3 (Groundball, 4S, EV 87.5 MPH)
|
| Bottom of the 8th over - 0 runs, 0 hits, 0 errors, 0 left on base; Boston 9 - New York 3 |
| TOP OF THE 9TH |
|
Boston Red Sox batting - Pitching for New York Mets : RHP Billy McIntyre
|
|
Batting: RHB Alois Wollf
|
0-0: Ball 1-0: Fly out, F7 (Flyball, 7LS, EV 98.1 MPH)
|
|
Batting: RHB Cesar Breceda
|
0-0: Ball 1-0: Ball 2-0: Ball 3-0: Base on Balls
|
|
Batting: LHB Kevin McCormic Jr.
|
0-0: Foul Ball, location: 2F 0-1: Fly out, F9 (Flyball, 9D, EV 96.2 MPH)
|
|
Batting: RHB David Price Jr.
|
0-0: Fielders Choice at 2nd, 6-4 (Groundball, 4M, EV 108.8 MPH)
|
| Top of the 9th over - 0 runs, 0 hits, 0 errors, 1 left on base; Boston 9 - New York 3 |
| BOTTOM OF THE 9TH |
|
New York Mets batting - Pitching for Boston Red Sox : RHP Jon Mercado
|
|
Pitching: LHP Adam Schneidewind
|
|
|
Batting: RHB Drtian Thaqi
|
0-0: Called Strike 0-1: Ground out 5-3 (Groundball, 5S, EV 73.1 MPH)
|
|
Batting: SHB Javy Rosa
|
0-0: Ball 1-0: Foul Ball, location: 2F 1-1: Swinging Strike 1-2: Fly out, F8 (Flyball, 8LM, EV 97.5 MPH)
|
|
Batting: LHB Fabiano Perrolas
|
0-0: Called Strike 0-1: Swinging Strike 0-2: Hit by Pitch
|
|
Batting: RHB Antonio Aranda
|
0-0: Called Strike 0-1: SINGLE (Groundball, 6D, EV 95.6 MPH) Fabiano Perrolas to second
|
|
Batting: SHB Nelle van den Berg
|
0-0: Foul Ball, location: 2F 0-1: Called Strike 0-2: Ball 1-2: Fly out, F8 (Flyball, 8RD, EV 91.9 MPH)
|
| Bottom of the 9th over - 0 runs, 1 hit, 0 errors, 2 left on base; Boston 9 - New York 3 |
|